 Dungeon Crawl Stone Soup version 0.21.1-1-g345015f (webtiles) character file.

191 relionnb the Charmwright (level 5, -10/45 HPs)
             Began as a Centaur Skald on Mar 2, 2018.
             Mangled by a gnoll
             ... wielding a +0 halberd
              (15 damage)
             ... on level 3 of the Dungeon.
             The game lasted 00:29:27 (3203 turns).

relionnb the Charmwright (Centaur Skald)            Turns: 3203, Time: 00:29:28

Health: -10/45     AC:  2    Str: 14    XL:     5   Next: 41%
Magic:  7/7        EV: 10    Int: 12    God:
Gold:   126        SH:  0    Dex:  9    Spells: 5/7 levels left

rFire    + + .     SeeInvis .   R - -2 hand axe (curse)
rCold    x . .     Gourm    .   (no shield)
rNeg     . . .     Faith    .   I - -2 robe (curse)
rPois    .         Spirit   .   (no helmet)
rElec    .         Reflect  .   (no cloak)
rCorr    .         Harm     .   (no gloves)
MR       .....                  (no barding)
Stlth    +.........             n - amulet of rage
HPRegen  0.15/turn              e - ring of fire
MPRegen  0.10/turn              m - ring of protection from fire

@: about to teleport, very quick
A: large, hooves 3, deformed body, speed 2, tough skin 3
a: Evoke Berserk Rage


You were on level 3 of the Dungeon.
You were not hungry.

You visited 1 branch of the dungeon, and saw 3 of its levels.

You collected 126 gold pieces.

Inventory:

Hand Weapons
 a - a +1 falchion
 h - a +0 whip
 k - a +0 whip
 l - a +0 dagger
 o - a +0 club
 p - a +0 spear
 r - a +0 whip
 s - a +0 whip
 w - a +0 spear
 x - a +0 dagger
 y - a +0 club
 z - a +0 hunting sling
 A - a +0 short sword
 C - a +0 dagger
 D - a +0 club
 F - a +0 trident
 G - a +0 spear
 H - a cursed -3 club
 K - a +0 mace
 M - a +0 hand axe
 O - a +0 short sword
 R - a cursed -2 hand axe (weapon)
 T - a +0 whip
Missiles
 q - 16 bolts
 t - 45 stones
 W - 16 poisoned needles (quivered)
Armour
 b - a +0 leather armour
 f - a +0 ring mail
 u - a +0 leather armour
 v - a +0 leather armour
 I - a cursed -2 robe (worn)
 J - a +0 leather armour
 L - a +0 scale mail
 S - a +0 leather armour
Jewellery
 e - a ring of fire (left hand)
 m - a ring of protection from fire (right hand)
 n - an amulet of rage (around neck)
 V - an uncursed ring of fire
Scrolls
 i - 3 scrolls of identify
 j - a scroll of enchant weapon
 B - 2 scrolls of magic mapping
Potions
 g - a potion of magic {unknown}
 N - a potion of heal wounds {unknown}
 Q - a potion of degeneration {unknown}
 U - a potion of resistance {unknown}
Books
 c - a book of Battle

   Spells                             Type                      Level
   a - Infusion                       Charms                       1
   b - Shroud of Golubria             Charms/Translocation         2
   c - Song of Slaying                Charms                       2
   d - Spectral Weapon                Hexes/Charms                 3
   e - Regeneration                   Charms/Necromancy            3
Comestibles
 d - 7 rations
 E - 2 chunks of flesh


   Skills:
 * Level 3.1 Fighting
 + Level 2.8 Long Blades
 * Level 2.3 Throwing
 + Level 1.3 Armour
 + Level 1.8 Dodging
 + Level 1.8 Spellcasting
 + Level 3.1 Charms


You had 5 spell levels left.
You knew the following spells:

 Your Spells              Type           Power        Failure   Level  Hunger
b - Song of Slaying       Chrm           #.......     12%         2    ###....


Dungeon Overview and Level Annotations

Branches:
Dungeon (3/15)

Altars:
Fedhas
Hepliaklqana
Zin


Innate Abilities, Weirdness & Mutations

You have hooves in place of feet.
Armour fits poorly on your strangely shaped body.
You cover ground very quickly.
You have extremely tough skin. (AC +3)


Message History

The gnoll is almost dead.
The gnoll closely misses you.
You closely miss the gnoll.
You kill the gnoll!
You hit the kobold.
You kill the kobold!
The gnoll hits you with a club.
You hit the gnoll but do no damage. Your kick misses the gnoll.
The gnoll hits you from afar with a halberd.
The gnoll hits you with a club.
You hit the gnoll. You kick the gnoll, but do no damage.
The gnoll is moderately wounded.
The gnoll hits you from afar with a halberd.
* * * LOW HITPOINT WARNING * * *
The gnoll hits you with a club!
* * * LOW HITPOINT WARNING * * *
As you read the scroll of teleportation, it crumbles to dust.
You feel strangely unstable.
The gnoll hits you from afar with a halberd!
You die...

#.####
##...#####...#... #.#
#...# ###..... #.#
#...# ....#
######.#### #..#.# ##
.....
#.........####.#......
..##.
#..........)...#.8....
..# #
#..........#####......
#.........######......
#............@gg.....>
#.........######......
#.........# .....
#.........# !...
.........# r..
#.####### .# #. #


You could see 2 gnolls.

Vanquished Creatures
  Ijyb (D:3)
  3 gnolls
  5 adders (D:2)
  3 worms
  4 dart slugs
  5 orcs (D:3)
  5 giant cockroaches
  9 hobgoblins
  3 jackals (D:1)
  9 kobolds
  A quokka (D:2)
  A ball python (D:2)
  7 bats
  4 frilled lizards
  5 goblins
  8 rats
73 creatures vanquished.

Notes
Turn   | Place    | Note
-------+----------+-------------------------------------------
     0 | D:1      | relionnb the Centaur Skald began the quest for the Orb.
     0 | D:1      | Reached XP level 1. HP: 17/17 MP: 3/3
    76 | D:1      | Reached XP level 2. HP: 15/24 MP: 4/4
   524 | D:1      | Reached skill level 1 in Throwing
   683 | D:1      | Learned a level 2 spell: Song of Slaying
   744 | D:1      | Reached XP level 3. HP: 29/29 MP: 5/5
  1154 | D:2      | Found a hazy altar of Hepliaklqana.
  1154 | D:2      | Found a blossoming altar of Fedhas.
  1536 | D:2      | Reached XP level 4. HP: 27/37 MP: 6/6
  1812 | D:2      | Found a glowing silver altar of Zin.
  2655 | D:3      | Reached skill level 1 in Armour
  2739 | D:3      | Noticed Ijyb
  2811 | D:3      | Killed Ijyb
  2811 | D:3      | Reached XP level 5. HP: 9/45 MP: 7/7
  3203 | D:3      | Mangled by a gnoll

Skill      XL: |  1  2  3  4 |
---------------+-------------+-----
Charms         | 3 |  3.1
Throwing       | 1 2 |  2.3
Long Blades    | 2 |  2.8
Armour         | 1 |  1.3
Fighting       | 3 |  3.1
Dodging        | |  1.8
Spellcasting   | |  1.8

Action                   |  1- 3 |  4- 6 || total
-------------------------+-------+-------++-------
Melee: Falchion          |    90 |   138 ||   228
       Kick              |    15 |    29 ||    44
       Hand axe          |       |    28 ||    28
 Cast: Song of Slaying   |       |     1 ||     1
  Use: Scroll            |       |    10 ||    10
       Potion            |       |     2 ||     2
  Eat: Chunk             |     1 |     5 ||     6
       Ration            |       |     1 ||     1
Armor: Leather armour    |    12 |       ||    12
       Ring mail         |    17 |    39 ||    56
       Skin              |       |    88 ||    88
       Robe              |       |    11 ||    11
Dodge: Dodged            |    54 |    71 ||   125
       Rpst.: Falchion   |    18 |    12 ||    30
